 Dungeon Crawl Stone Soup version 0.19-a0-1008-g4c63d25 (webtiles) character file.

77 Gruud the Insei (level 4, -2/32 HPs)
             Began as a Demonspawn Transmuter on July 23, 2016.
             Slain by a hobgoblin
             ... wielding a +0 club
             ... led by Robin
              (6 damage)
             ... on level 2 of the Dungeon.
             The game lasted 00:05:59 (1798 turns).

Gruud the Insei (Demonspawn Transmuter)             Turns: 1798, Time: 00:06:01

Health: -2/32      AC:  2    Str: 11    XL:     4   Next: 14%
Magic:  7/7        EV: 12    Int: 14    God:
Gold:   63         SH:  0    Dex: 14    Spells: 2 memorised, 4 levels left

rFire  + . .     SeeInvis .       - Unarmed
rCold  . . .     Gourm    .     b - +0 robe
rNeg   . . .     Faith    .     (no shield)
rPois  .         Spirit   .     (no helmet)
rElec  +         Dismiss  .     (no cloak)
rCorr  .         Reflect  .     (no gloves)
SustAt .         Harm     .     (no boots)
MR     .....                    (no amulet)
Stlth  +.........               (no ring)
                                (no ring)

@: not resistant to hostile enchantments, very unstealthy
A: hooves 1, fire resistance 1, electricity resistance, subdued magic 1
a: no special abilities


You were on level 2 of the Dungeon.
You were not hungry.

You visited 1 branch of the dungeon, and saw 3 of its levels.

You collected 63 gold pieces.

Inventory:

Missiles
 a - 80 arrows
Armour
 b - a +0 robe (worn)
Wands
 q - a wand of digging (9/24)
Potions
 e - a potion of curing {unknown}
 j - a potion of mutation
 m - a potion of berserk rage {unknown}
 n - a potion of lignification {unknown}
 o - 2 potions of heal wounds {unknown}
Books
 c - a book of Changes

   Spells                             Type                      Level
   a - Beastly Appendage              Transmutation                1
   b - Sticks to Snakes               Transmutation                2
   c - Spider Form                    Transmutation/Poison         3
   d - Ice Form                       Ice/Transmutation            4
   e - Blade Hands                    Transmutation                5
Comestibles
 d - 3 bread rations
 f - a royal jelly
 g - 2 chunks of flesh
 h - a beef jerky
 i - a meat ration


   Skills:
 - Level 1.0 Fighting
 - Level 1.7 Dodging
 * Level 4.5 Unarmed Combat
 - Level 2.0 Spellcasting
 - Level 1.7 Transmutations


You had 4 spell levels left.
You knew the following spells:

 Your Spells              Type           Power        Failure   Level  Hunger
a - Beastly Appendage     Tmut           #.....       12%         1    ##.....
b - Sticks to Snakes      Tmut           #.......     17%         2    ###....


Dungeon Overview and Level Annotations

Branches:
Dungeon (3/15)

Altars:

Annotations:
D:2 Robin


Innate Abilities, Weirdness & Mutations

You have large cloven feet.
Your flesh is heat resistant. (rF+)
You are resistant to electric shocks. (rElec)
Your spells are a little easier to cast, but a little less powerful.


Message History

Robin hits you with a whip.
* * * LOW HITPOINT WARNING * * *
You hit the goblin.
You kill the goblin!
The goblin no longer looks unusually strong.
The hobgoblin hits you but does no damage.
The goblin hits you but does no damage.
You miss the goblin. Robin misses you. The goblin hits you with a club.
The hobgoblin barely misses you.
You miss the goblin. You kick the goblin, but do no damage.
The goblin closely misses you. The goblin hits you with a club!
* * * LOW HITPOINT WARNING * * *
The hobgoblin misses you.
You bump into the rock wall.
You feel less invigorated.
You feel less confused.
The goblin no longer looks unusually strong. x2
The goblin hits you with a club.
* * * LOW HITPOINT WARNING * * *
The goblin barely misses you. The hobgoblin hits you with a club.
You die...

#...# #.###.# ..... #...#
..##...## #..### #...#
#.####.# #.. #.<# #.# #.#
#.. #..####### #.# #.#
#..### #......... #.# #.#
#..... #.########.##.## #.#
##.#.## #.
#g#..g###.#######...... #.
#####..ggg@g..........##..#
#. ........gg###########
#..# ## ########.##
########... #.# #..........
#.# #.#######.#
#.########.# #.#
#..........# #.#
############ #.# #.#


You could see Robin, a hobgoblin and 6 goblins.

Vanquished Creatures
  Ijyb (D:2)
  A worm (D:2)
  3 dart slugs
  A giant gecko (D:1)
  5 bats
  3 giant cockroaches (D:1)
  6 hobgoblins
  A ball python (D:1)
  A giant newt (D:1)
  5 goblins
  6 kobolds (D:1)
  6 rats
39 creatures vanquished.

Vanquished Creatures (collateral kills)
  An adder (D:2)
  A worm (D:2)
2 creatures vanquished.

Grand Total: 41 creatures vanquished

Notes
Turn   | Place    | Note
-------+----------+-------------------------------------------
     0 | D:1      | Gruud the Demonspawn Transmuter began the quest for the Orb.
     0 | D:1      | Reached XP level 1. HP: 15/15 MP: 3/3
   246 | D:1      | Reached skill level 3 in Unarmed Combat
   403 | D:1      | Lost mutation: You have claws for feet. [demonic ancestry]
   403 | D:1      | Lost mutation: You have razor-sharp toenails. [demonic ancestry]
   403 | D:1      | Lost mutation: You have sharp toenails. [demonic ancestry]
   403 | D:1      | Gained mutation: You have large cloven feet. [demonic ancestry]
   403 | D:1      | Reached XP level 2. HP: 21/21 MP: 1/5
   682 | D:1      | Learned a level 2 spell: Sticks to Snakes
   960 | D:1      | Reached XP level 3. HP: 25/26 MP: 4/6
  1188 | D:2      | Reached skill level 4 in Unarmed Combat
  1212 | D:2      | Noticed Ijyb
  1227 | D:2      | Killed Ijyb
  1560 | D:2      | Reached XP level 4. HP: 19/32 MP: 3/7
  1759 | D:3      | Noticed a centaur
  1770 | D:2      | Noticed Robin
  1780 | D:2      | Gained mutation: Your spells are a little easier to cast, but a little less powerful. [potion of mutation]
  1780 | D:2      | Gained mutation: You are resistant to electric shocks. (rElec) [potion of mutation]
  1780 | D:2      | Gained mutation: Your flesh is heat resistant. (rF+) [potion of mutation]
  1780 | D:2      | HP: 1/32 [goblin/club[Robin] (9)]
  1798 | D:2      | Slain by a hobgoblin

Vault maps used:
D:1:      dpeg_arrival_long_road
D:2:      uniq_robin, uniq_iyjb, uniq_terence
D:3:      fedhas_altar_3

Skill      XL: |  1  2  3 |
---------------+----------+-----
Unarmed Combat | 3 4 |  4.5
Fighting       | |  1.0
Dodging        | |  1.7
Spellcasting   | |  2.0
Transmutations | |  1.7

Action                   |  1- 3 |  4- 6 || total
-------------------------+-------+-------++-------
Melee: Unarmed           |   114 |    31 ||   145
       Kick              |    24 |     7 ||    31
       Headbutt          |     5 |       ||     5
       Punch             |       |     1 ||     1
 Cast: Beastly Appendage |    13 |     1 ||    14
       Sticks to Snakes  |     5 |     2 ||     7
  Use: Scroll            |     3 |       ||     3
       Potion            |       |     3 ||     3
 Stab: Distracted        |     1 |     1 ||     2
  Eat: Chunk             |     2 |     2 ||     4
Armor: Robe              |    16 |    10 ||    26
Dodge: Dodged            |    53 |    41 ||    94
